 Dungeon Crawl Stone Soup version 0.26.1-11-gd32895ea62 (webtiles) character file.

Game seed: 16093280924007959184

96 Tiocfaidh the Caller (level 4, -2/21 HPs)
             Began as a Vine Stalker Summoner on May 29, 2021.
             Slain by a gnoll
             ... wielding a cursed -3 spear
              (3 damage)
             ... on level 2 of the Dungeon.
             The game lasted 00:11:55 (1684 turns).

Tiocfaidh the Caller (Vine Stalker Summoner)        Turns: 1684, Time: 00:11:56

Health: -2/21      AC:  3    Str: 11    XL:     4   Next: 67%
Magic:  0/9        EV: 12    Int: 16    God:
Gold:   140        SH:  0    Dex: 14    Spells: 8/9 levels left

rFire    . . .     SeeInvis .   h - +0 dagger (venom)
rCold    . . .     Faith    .   (no shield)
rNeg     . . .     Spirit   +   a - +0 robe
rPois    .         Reflect  .   (no helmet)
rElec    .         Harm     .   (no cloak)
rCorr    .         Rampage  .   (no gloves)
Will     .....     Rnd*Tele +   d - +0 pair of boots
Stlth    ++........             (no amulet)
HPRegen  0.47/turn              m - ring of teleportation (curse)
MPRegen  0.11/turn              (no ring)

@: no status effects
A: fangs 2, regeneration 1, magic shield, antimagic bite, no potion heal 3
a: no special abilities


You were on level 2 of the Dungeon.
You visited 1 branch of the dungeon, and saw 2 of its levels.

You collected 140 gold pieces.

Inventory:

Hand Weapons
 h - a +0 dagger of venom (weapon)
Missiles
 k - 4 poisoned darts
Armour
 a - a +0 robe (worn)
 d - a +0 pair of boots (worn)
Jewellery
 m - a cursed ring of teleportation (left hand)
Scrolls
 b - 4 scrolls of identify
 f - a scroll of immolation
 i - a scroll of fog {unknown}
 o - a scroll of noise {unknown}
 p - a scroll of teleportation
Potions
 c - a potion of attraction {unknown}
 g - 2 potions of degeneration {unknown}
 j - a potion of heal wounds {unknown}
 n - a potion of resistance {unknown}


   Skills:
 + Level 0.6 Fighting
 + Level 0.6 Maces & Flails
 + Level 1.1 Slings
 + Level 1.8 Dodging
 + Level 2.7 Stealth
 + Level 3.0 Spellcasting
 + Level 4.6 Summonings


You had 8 spell levels left.
You knew the following spells:

 Your Spells              Type           Power        Failure   Level
a - Summon Small Mammal   Summ           68%          2%          1

Your spell library contained the following spells:

 Spells                   Type           Power        Failure   Level
 Call Imp                 Summ           17%          4%          2
 Call Canine Familiar     Summ           17%          9%          3
 Summon Guardian Golem    Hex/Summ       9%           22%         3
 Summon Ice Beast         Ice/Summ       9%           56%         4
 Summon Lightning Spire   Summ/Air       9%           56%         4


Dungeon Overview and Level Annotations

Branches:
Dungeon (2/15)

Altars:


Innate Abilities, Weirdness & Mutations

You have extremely sharp teeth.
Your natural rate of healing is unusually fast.
When hurt, damage is shared between your health and your magic reserves.
Your bite disrupts and absorbs the magic of your enemies.
Potions cannot restore your health.


Message History

The gnoll shouts!
You hit the gnoll.
The gnoll is poisoned.
The gnoll is moderately wounded.
The gnoll completely misses you.
You barely miss the gnoll. Your bite misses the gnoll.
The gnoll is moderately wounded.
The gnoll hits you with a +0 spear. The gnoll hits you but does no damage.
You barely miss the gnoll. You bite the gnoll, but do no damage.
The gnoll is moderately wounded.
The gnoll hits you with a +0 spear. The gnoll completely misses you.
The gnoll hits you from afar with a +0 spear.
The gnoll barely misses you. The gnoll hits you with a +0 spear!
The gnoll barely misses you.
You hit the gnoll.
The gnoll looks even sicker.
Your bite misses the gnoll.
The gnoll is almost dead.
The gnoll hits you with a +0 spear!
* * * LOW HITPOINT WARNING * * *
The gnoll barely misses you.
The gnoll hits you from afar with a cursed -3 spear.
You die...

#############################^#<.
...........................)#.#.#
....................>......<#.#..
###########################.#.#.#
# ##### #.......#.#.# # #...#
#g#######.#.. # #...# #.# #.###
#####...#############.#######....
................@.g..............
................g................
########################.########
#........).........#
#.##############.#.# #### #.#
#.#.## #... #.# #.#..# ..
########.# #.##.## .. .........#
#.##..# ##


You could see 2 gnolls.

Vanquished Creatures
  Jessica (D:2)
  A gnoll (D:2)
  An adder (D:2)
  An ooze (D:1)
  A worm (D:2)
  A dart slug (D:1)
  A leopard gecko (D:1)
  An orc (D:2)
  A ball python (D:1)
  3 goblins
  A hobgoblin (D:1)
  A jackal (D:1)
  4 kobolds
  3 bats
  A frilled lizard (D:2)
  2 rats (D:1)
24 creatures vanquished.

Vanquished Creatures (collateral kills)
  A dart slug (D:1)
  2 worms (D:2)
  A ball python (D:1)
  A giant cockroach (D:1)
  2 hobgoblins (D:1)
  3 jackals (D:1)
  A quokka (D:2)
  2 bats (D:1)
  A kobold (D:1)
  6 rats
20 creatures vanquished.

Grand Total: 44 creatures vanquished

Notes
Turn   | Place    | Note
-------+----------+-------------------------------------------
     0 | D:1      | Tiocfaidh the Vine Stalker Summoner began the quest for the
                  | Orb.
     0 | D:1      | Reached XP level 1. HP: 9/9 MP: 4/4
    96 | D:1      | Reached XP level 2. HP: 11/13 MP: 6/6
   339 | D:1      | Reached XP level 3. HP: 9/16 MP: 5/8
   739 | D:2      | Noticed Jessica
   846 | D:2      | Killed Jessica
   847 | D:2      | Gained mutation: Your natural rate of healing is unusually
                  | fast. [Vine Stalker growth]
   847 | D:2      | Reached XP level 4. HP: 21/21 MP: 6/9
  1371 | D:2      | Reached skill level 1 in Slings
  1683 | D:2      | HP: 1/21 [gnoll/+0 spear (7)]
  1684 | D:2      | Slain by a gnoll

Illustrated notes

Levels and vault maps discovered:
D:1:      scummos_arrival_gate, layout_rooms
D:2:      layout_basic, nrook_mini_vaults, minmay_quantized,
          uniq_crazy_yiuf_cottage, uniq_jessica

Skill      XL: |  1  2  3  4 |
---------------+-------------+-----
Spellcasting   | 3 |  3.0
Slings         | 1 |  1.1
Fighting       | |  0.6
Maces & Flails | |  0.6
Dodging        | |  1.8
Stealth        | |  2.7
Summonings     | |  4.6

Action                   |  1- 3 |  4- 6 || total
-------------------------+-------+-------++-------
Melee: Club              |    31 |       ||    31
       Bite              |     9 |     6 ||    15
       Unarmed           |     1 |       ||     1
       Dagger            |       |    36 ||    36
 Fire: Hunting sling     |    13 |     5 ||    18
Throw: Dart              |     3 |     1 ||     4
 Cast: Summon Small Mamm |    26 |     7 ||    33
  Use: Scroll            |     2 |       ||     2
 Stab: Sleeping          |     1 |     2 ||     3
       Distracted        |       |     1 ||     1
Armor: Robe              |     7 |     3 ||    10
Dodge: Dodged            |    35 |    23 ||    58
